 Dungeon Crawl Stone Soup version 0.29-a0-356-g7bc237e783 (webtiles) character file.

Game seed: 3135949837810201495

1248 domi the Conjurer (level 8, 0/78 HPs)
             Began as a Demonspawn Hedge Wizard on Apr 26, 2022.
             Succumbed to a killer bee's poison
             ... on level 5 of the Dungeon.
             The game lasted 00:14:02 (6546 turns).

domi the Conjurer (Demonspawn Hedge Wizard)         Turns: 6546, Time: 00:14:03

Health: 0/78       AC: 24    Str: 11    XL:     8   Next: 26%
Magic:  2/12       EV:  2    Int: 20    God:
Gold:   223        SH:  0    Dex: 12    Spells: 5/13 levels left

rFire   . . .      SeeInvis .   w - +2 dagger (venom)
rCold   . . .      Faith    .   (no shield)
rNeg    . . .      Spirit   .   (body armour currently unavailable)
rPois   +          Reflect  .   (helmet currently unavailable)
rElec   .          Harm     .   (cloak currently unavailable)
rCorr   .          Rampage  .   (gloves currently unavailable)
Will    .....      NoTele   +   (boots currently unavailable)
Stlth   ++........              (no amulet)
HPRegen 0.23/turn               (no ring)
MPRegen 0.13/turn               (no ring)

@: mighty, brilliant, lethally poisoned (0 -> -4), tree-form
A: stationary, stasis, torment immunity, boosted hp, big brain 1, demonic magic
1, (weakness stinger 2)
a: no special abilities


You were on level 5 of the Dungeon.
You were a tree.
You visited 1 branch of the dungeon, and saw 5 of its levels.

You collected 223 gold pieces.

Inventory:

Hand Weapons
 a - a +0 dagger
 m - a +2 short sword of venom
   (You took it off a kobold on level 3 of the Dungeon)
 w - a +2 dagger of venom (weapon)
   (You took it off a goblin on level 4 of the Dungeon)
Armour
 b - a +0 robe
 c - a +0 hat
 d - a +1 helmet (melded)
   (You took it off Robin on level 3 of the Dungeon)
 n - a +0 cloak (melded)
   (You found it on level 3 of the Dungeon)
 t - a +2 robe of willpower (melded)
   (You took it off Dowan on level 4 of the Dungeon)
 x - a scarf of invisibility
   (You found it on level 4 of the Dungeon)
 y - a +2 robe of positive energy
   (You took it off Sigmund on level 4 of the Dungeon)
Magical Staves
 z - a staff of cold {rC+}
   (You found it on level 5 of the Dungeon)
Jewellery
 e - an amulet of faith {Faith, !P!P}
   (You found it on level 1 of the Dungeon)
 o - a ring of flight {+Fly, !d}
   (You found it on level 3 of the Dungeon)
 p - a ring of positive energy {rN+}
   (You found it on level 3 of the Dungeon)
Scrolls
 f - 3 scrolls of identify {@r1}
 i - 2 scrolls of immolation {!r!r}
 k - a scroll of teleportation {@r4}
 l - 3 scrolls of amnesia
 r - a scroll of vulnerability {!r!r}
Potions
 g - a potion of flight
 h - 2 potions of lignification {!q!q}
 v - a potion of might


   Skills:
 - Level 1.7 Dodging
 - Level 1.7 Stealth
 - Level 3.0 Spellcasting
 - Level 5.0 Conjurations
 - Level 5.0 Summonings
 - Level 0.8 Translocations
 * Level 4.3 Air Magic
 * Level 4.7 Poison Magic


You had 5 spell levels left.
You knew the following spells:

 Your Spells              Type           Power      Damage    Failure   Level
b - Blink                 Tloc           18%        N/A       16%         2
c - Mephitic Cloud        Conj/Pois/Air  32%        N/A       6%          3
x - Call Imp              Summ           34%        N/A       2%          2
z - Magic Dart            Conj           100%       1d8       1%          1

Your spell library contained the following spells:

 Spells                   Type           Power      Damage    Failure   Level
 Freeze                   Ice            16%        1d4       14%         1
 Slow                     Hex            16%        N/A       14%         1
 Conjure Flame            Conj/Fire      19%        6-21      16%         3
 Frozen Ramparts          Ice            8%         1d2       38%         3
 Hailstorm                Conj/Ice       19%        3d6       45%         4
 Iskenderun's Battlesphe  Conj           34%        2d9       45%         5
 Fireball                 Conj/Fire      9%         3d6       80%         5
 Conjure Ball Lightning   Conj/Air       16%        3x3d6     97%         6
 Orb of Destruction       Conj           17%        9d7       100%        7


Dungeon Overview and Level Annotations

Branches:
Dungeon (5/15)             Temple (0/1) D:5

Altars:
Ashenzari
Nemelex Xobeh
Uskayaw
Vehumet
Wu Jian
Yredelemnul

Annotations:
D:3 1 runed translucent door, Crazy Yiuf


Innate Abilities, Weirdness & Mutations

You are a tree.
Your roots penetrate the ground, keeping you stationary.
You cannot be teleported.
You are immune to unholy pain and torment.
Your maximum health is greatly increased.
Your equipment is partially melded.
You have an unusually large brain. (Int +2)
Spells you cast may paralyse adjacent enemies.
((You have a tail ending in a sharp stinger.))


Message History

The killer bee attacks as you move away!
The killer bee stings you.
You feel very sick. The killer bee closely misses you.
You take 9 damage, and have 19/52 hp.
You don't have enough magic to cast this spell.
As you read the scroll labelled KESKAU CUAHOUG, it crumbles to dust.
The creatures around you are filled with an inner flame!
It was a scroll of immolation.
You feel very sick. The killer bee stings you.
* * * LOW HITPOINT WARNING * * *
The killer bee barely misses you.
You take 6 damage, and have 13/52 hp.
Okay, then.
Okay, then.
It was a potion of lignification.
You turn into a tree.
Your +0 cloak melds into your body.
Your +1 helmet melds into your body.
Your +2 robe of willpower melds into your body.
You feel less strong-willed.
Your roots penetrate the ground.
You feel sick. The killer bee stings you.
* * * LOW HITPOINT WARNING * * *
You are more poisoned.
The killer bee poisons you!
The killer bee stings you but does no damage.
You now have 16/78 hp.
You feel better.
The killer bee stings you but does no damage. x2
You regained 11 hp, and now have 27/78 hp.
It was a potion of flight.
Your roots keep you in place.
The killer bee stings you but does no damage. x2
It was a potion of might.
You feel very mighty all of a sudden.
The killer bee stings you but does no damage.
The killer bee completely misses you.
It was a potion of brilliance.
You feel clever all of a sudden.
The killer bee stings you but does no damage.
The killer bee stings you.
* * * LOW HITPOINT WARNING * * *
You are poisoned.
The killer bee poisons you!
You take 4 damage, and have 23/78 hp.
As you read the scroll labelled DALYS NEWUBAISS, it crumbles to dust.
It is a scroll of amnesia.
Really abort (and waste the scroll)?
Okay, then.
You feel sick. The killer bee stings you.
* * * LOW HITPOINT WARNING * * *
The killer bee stings you but does no damage.
You take 5 damage, and have 18/78 hp.
Okay, then.
As you read the scroll labelled IVIRHU YDOSEJ, it crumbles to dust.
You feel a strange sense of stasis.
It was a scroll of teleportation.
You feel sick.
The killer bee stings you but does no damage.
The killer bee stings you.
* * * LOW HITPOINT WARNING * * *
You take 2 damage, and have 16/78 hp.
Okay, then.
Okay, then.
Okay, then.
As you read the scroll labelled MICEMO WEWK, it crumbles to dust.
You feel aware of your surroundings.
It was a scroll of magic mapping.
You feel sick.
The killer bee stings you but does no damage.
The killer bee stings you.
* * * LOW HITPOINT WARNING * * *
You take 3 damage, and have 13/78 hp.
As you read the scroll labelled TUNLOAVUISK, it crumbles to dust.
It is a scroll of identify.
r - a scroll of vulnerability You feel sick.
The killer bee completely misses you.
The killer bee stings you but does no damage.
As you read the scroll labelled WOATZISTREIWN, it crumbles to dust.
It is a scroll of brand weapon.
Your +2 short sword of draining drips with poison.
m - a +2 short sword of venom You feel sick.
The killer bee stings you.
* * * LOW HITPOINT WARNING * * *
You are more poisoned.
The killer bee poisons you!
The killer bee stings you but does no damage.
You take 5 damage, and have 8/78 hp.
Okay, then.
Okay, then.
Okay, then.
Okay, then.
Okay, then.
* * * LOW HITPOINT WARNING * * *
You feel sick. The killer bee stings you.
* * * LOW HITPOINT WARNING * * *
The killer bee stings you but does no damage.
You take 6 damage, and have 2/78 hp.
* * * LOW HITPOINT WARNING * * *
You feel sick.
The killer bee stings you but does no damage. x2
You take 1 damage, and have 1/78 hp.
Unknown command.
You die...

,*****,******* #.#
#.......# #. ,*****,*
#####.#####.......# ##
,,,,,,,*
#.................#
,,,,,***
#.................#
,,,,,*
#.................#
,,,,,*
#.....)...........####
,,,,,*
#..........##.#####...
,,,,,* #..........##.#
#.## ,,,,,*
#####♣#######)# #.#
,,,,,* #y# #.# #.#
,,,,o###########y# #.#
#.# ,,,,......y$hy.hy#
#.#####.#
,,,,.#############
#.......# ,,,,,*
######### ,,,,,*
,,,,,* ,*****


You could see a hound (inner flame) and 3 killer bees.

Vanquished Creatures
  Sigmund (D:4)
  Eustachio (D:5)
  Edmund (D:4)
  Duvessa (D:4)
  2 black bears (D:5)
  A bullfrog (D:4)
  A scorpion (D:4)
  Dowan (D:4)
  2 killer bees (D:5)
  Natasha (D:3)
  Robin (D:3)
  7 gnolls
  6 adders
  A shadow imp (D:5)
  2 dart slugs
  4 orcs
  6 ball pythons
  7 bats
  5 endoplasms
  A giant cockroach (D:4)
  17 goblins
  10 hobgoblins
  9 jackals
  3 kobolds
  7 quokkas
  4 frilled lizards
  8 rats
110 creatures vanquished.

Vanquished Creatures (collateral kills)
  Natasha (D:3)
1 creature vanquished.

Vanquished Creatures (others)
  10 plants
10 creatures vanquished.

Grand Total: 121 creatures vanquished

Notes
Turn   | Place    | Note
-------+----------+-------------------------------------------
     0 | D:1      | domi the Demonspawn Hedge Wizard began the quest for the
                  | Orb.
     0 | D:1      | Reached XP level 1. HP: 13/13 MP: 4/4
   271 | D:1      | Reached skill level 2 in Conjurations
   297 | D:1      | Gained mutation: You have an unusually large brain. (Int
                  | +2) [demonic ancestry]
   297 | D:1      | Reached XP level 2. HP: 15/19 MP: 0/6
   945 | D:1      | Reached skill level 3 in Conjurations
  1074 | D:2      | Reached XP level 3. HP: 24/24 MP: 3/7
  2326 | D:3      | Found an ornate altar of the Wu Jian Council.
  2370 | D:3      | Found a faded altar of an unknown god.
  2376 | D:3      | Gained mutation: You have a small tail. [demonic ancestry]
  2376 | D:3      | Reached XP level 4. HP: 30/30 MP: 2/8
  2429 | D:3      | Learned a level 2 spell: Call Imp
  2432 | D:3      | Learned a level 2 spell: Blink
  2436 | D:3      | Learned a level 3 spell: Mephitic Cloud
  2461 | D:3      | Reached skill level 4 in Conjurations
  2580 | D:3      | Noticed Natasha
  2776 | D:3      | Found a radiant altar of Vehumet.
  2778 | D:3      | Found a basalt altar of Yredelemnul.
  2964 | D:3      | Found a broken altar of Ashenzari.
  3184 | D:3      | You fall into a shaft and drop 2 floors!
  3184 | D:5      | Entered Level 5 of the Dungeon
  3184 | D:5      | Noticed a black bear
  3209 | D:4      | Noticed Dowan
  3527 | D:3      | Found a runed translucent door.
  3528 | D:3      | Noticed Crazy Yiuf
  3798 | D:3      | Noticed Robin
  3828 | D:3      | Killed Robin
  4162 | D:3      | Killed Natasha
  4163 | D:3      | Reached skill level 5 in Conjurations
  4163 | D:3      | Gained mutation: Spells you cast may paralyse adjacent
                  | enemies. [demonic ancestry]
  4163 | D:3      | Reached XP level 5. HP: 35/35 MP: 1/9
  4270 | D:4      | Killed Dowan
  4271 | D:4      | Reached skill level 2 in Summonings
  4393 | D:4      | Reached skill level 3 in Summonings
  4393 | D:4      | Reached XP level 6. HP: 26/41 MP: 1/10
  4452 | D:3      | Noticed Natasha
  4460 | D:3      | Killed Natasha
  4667 | D:4      | Found a sparkling altar of Nemelex Xobeh.
  4685 | D:4      | Found a hide-covered altar of Uskayaw.
  4771 | D:4      | Noticed Sigmund
  4933 | D:4      | Reached skill level 4 in Summonings
  5042 | D:4      | Noticed Edmund
  5057 | D:4      | Killed Edmund
  5058 | D:4      | Reached skill level 5 in Summonings
  5414 | D:4      | Reached skill level 1 in Air Magic
  5414 | D:4      | Reached skill level 1 in Poison Magic
  5484 | D:4      | Killed Sigmund
  5485 | D:4      | Reached skill level 2 in Air Magic
  5485 | D:4      | Reached skill level 2 in Poison Magic
  5485 | D:4      | Gained mutation: You have a tail ending in a sharp stinger.
                  | [demonic ancestry]
  5485 | D:4      | Reached XP level 7. HP: 43/46 MP: 5/11
  5548 | D:4      | Noticed Duvessa
  5591 | D:4      | Killed Duvessa
  5787 | D:5      | Reached skill level 3 in Air Magic
  5787 | D:5      | Reached skill level 3 in Poison Magic
  6170 | D:5      | Reached XP level 8. HP: 52/52 MP: 1/12
  6265 | D:5      | Reached skill level 4 in Poison Magic
  6426 | D:5      | Noticed Eustachio
  6437 | D:5      | Killed Eustachio
  6438 | D:5      | Reached skill level 4 in Air Magic
  6533 | D:5      | HP: 13/52 [killer bee (3)]
  6539 | D:5      | HP: 18/78 [killer bee (3)]
  6543 | D:5      | HP: 8/78 [killer bee (4)]
  6544 | D:5      | HP: 2/78 [killer bee (4)]
  6546 | D:5      | Succumbed to a killer bee's poison

Illustrated notes

Levels and vault maps discovered:
D:1:      heliophobic_arrival_enchanted_forest, layout_rooms
D:2:      wad_lake_hut, layout_basic
D:3:      kennysheep_goblin_castle, layout_loops_ring, jmf_multi_god_temple,
          nzn_wu_jian_council_hall, mainiacjoe_overflow_alcove_1,
          shapermc_ecumenical_altar_starsandcircs, uniq_crazy_yiuf_cottage,
          uniq_natasha
D:4:      layout_rooms, nicolae_overflow_hidden_temple,
          sigmund_edmund_badplayer, uniq_duvessa
D:5:      layout_basic, minmay_temple_entry_antechambers, serial_bayou_ford_a,
          chequers_serial_rivers_small_a, uniq_blork_the_orc, uniq_eustachio

Skill      XL: |  1  2  3  4  5  6  7  8 |
---------------+-------------------------+-----
Conjurations   | 2 3 5 |  5.0
Summonings     | 3 5 |  5.0
Air Magic      | 2 3 4 |  4.3
Poison Magic   | 2 3 4 |  4.7
Dodging        | |  1.7
Stealth        | |  1.7
Spellcasting   | |  3.0
Translocations | |  0.8

Action                   |  1- 3 |  4- 6 |  7- 9 || total
-------------------------+-------+-------+-------++-------
Melee: Dagger            |    22 |    13 |    23 ||    58
       Punch             |     1 |     1 |       ||     2
       Short sword       |       |    29 |       ||    29
       Tailslap          |       |     6 |     6 ||    12
 Cast: Magic Dart        |    78 |   124 |    58 ||   260
       Mephitic Cloud    |       |     4 |     6 ||    10
       Call Imp          |       |     3 |     5 ||     8
       Blink             |       |       |     1 ||     1
  Use: Potion            |       |     2 |     7 ||     9
       Scroll            |       |       |     6 ||     6
 Stab: Paralysed         |       |     4 |    10 ||    14
       Confused          |       |     1 |       ||     1
Armor: Robe              |     4 |    12 |     3 ||    19
       Skin              |       |       |    15 ||    15
Dodge: Dodged            |    16 |    35 |    27 ||    78

Table legend: (Time is in decaauts)
 A = Elapsed time spent in this place.
 B = Non-inter-level travel time spent in this place.
 C = Inter-level travel time spent in this place.
 D = Time resting spent in this place.
 E = Time spent auto-exploring this place.
 F = Levels seen in this place.
 G = Mean time per level.
                   A        B        C        D        E       F      G
               +--------+--------+--------+--------+--------+-----+--------+
         Total |   6597 |   6372 |    225 |   1677 |   3940 |   5 | 1319.4 |
       Dungeon |   6597 |   6372 |    225 |   1677 |   3940 |   5 | 1319.4 |
               +--------+--------+--------+--------+--------+-----+--------+

Top non-repeatable levels by time:
     D:3: 2265 daAuts
     D:2: 1258 daAuts
     D:4: 1205 daAuts
     D:1: 1092 daAuts
     D:5: 775 daAuts

Table legend:
 A = Kills in this place as a percentage of kills in entire the game.
 B = Kills by you in this place as a percentage of kills by you in the entire game.
 C = Kills by friends in this place as a percentage of kills by friends in the entire game.
 D = Other kills in this place as a percentage of other kills in the entire game.
 E = Experience gained in this place as a percentage of experience gained in the entire game.
 F = Experience gained in this place divided by the number of levels of this place that you have seen.
                   A       B       C       D       E      F
               +-------+-------+-------+-------+-------+----------------------
         Total | 100.0 | 100.0 | 100.0 | 100.0 | 100.0 | 356.8
       Dungeon | 100.0 | 100.0 | 100.0 | 100.0 | 100.0 | 356.8
               +-------+-------+-------+-------+-------+----------------------
